 Dungeon Crawl Stone Soup version 0.27-a0-1512-g99fd57bada (webtiles) character file.

Game seed: 4011766281741594397

2580 Jawa73 the Firebug (level 9, -7/71 HPs)
             Began as a Pale Draconian Fire Elementalist on July 9, 2021.
             Was a Follower of Vehumet.
             Mangled by Harold (9 damage)
             ... on level 7 of the Dungeon.
             The game lasted 00:32:15 (9486 turns).

Jawa73 the Firebug (DrFE)                           Turns: 9486, Time: 00:32:15

Health: -7/71      AC:  7    Str: 11    XL:     9   Next: 32%
Magic:  2/17       EV: 13    Int: 19    God:    Vehumet [*.....]
Gold:   256        SH:  0    Dex: 11    Spells: 6/19 levels left

rFire    + . .     SeeInvis .   a - staff of fire
rCold    . . .     Faith    .   (no shield)
rNeg     + . .     Spirit   .   (armour unavailable)
rPois    .         Reflect  .   (helmet restricted)
rElec    .         Harm     .   n - scarf {shadows}
rCorr    .         Rampage  .   (no gloves)
Will     .....                  (no boots)
Stlth    ++........             (no amulet)
HPRegen  0.21/turn              o - ring of wizardry
MPRegen  0.15/turn              j - ring of positive energy

@: very slightly contaminated, slowed, very slow
A: breathe steam, AC +7, unfitting armour, cold-blooded, steam resistance
a: Breathe Steam, Renounce Religion


You were on level 7 of the Dungeon.
You worshipped Vehumet.
Vehumet was aware of your devotion.
You visited 2 branches of the dungeon, and saw 8 of its levels.
You also visited: Ossuary.

You collected 256 gold pieces.

Inventory:

Armour
 n - a scarf of shadows (worn)
Magical Staves
 a - a staff of fire (weapon)
 b - a staff of conjuration
Jewellery
 g - a +6 ring of dexterity
 h - an amulet of guardian spirit
 j - a ring of positive energy (right hand)
 o - a ring of wizardry (left hand)
Scrolls
 c - 2 scrolls of enchant armour
 k - 2 scrolls of teleportation
 s - a scroll of amnesia
Potions
 d - 2 potions of brilliance {unknown}
 e - 2 potions of invisibility
 f - a potion of ambrosia
 i - 2 potions of berserk rage
 l - 2 potions of resistance
 m - 3 potions of curing
 p - a potion of haste
 q - a potion of mutation {unknown}
 r - 3 potions of cancellation
 t - a potion of lignification {unknown}
 u - a potion of heal wounds {unknown}


   Skills:
 * Level 3.9 Fighting
 * Level 2.8 Staves
 * Level 4.3 Dodging
 - Level 1.7 Stealth
 - Level 2.3 Unarmed Combat
 * Level 5.6 Spellcasting
 * Level 5.0 Conjurations
 - Level 2.7 Hexes
 * Level 6.8 Fire Magic
 * Level 3.0 Evocations


You had 6 spell levels left.
You knew the following spells:

 Your Spells              Type           Power      Damage    Failure   Level
a - Foxfire               Conj/Fire      100%       2x1d9     1%          1
b - Inner Flame           Hex/Fire       35%        N/A       1%          3
c - Sticky Flame          Conj/Fire      42%        2d6       4%          4
d - Fireball              Conj/Fire      21%        3d10      12%         5

Your spell library contained the following spells:

 Spells                   Type           Power      Damage    Failure   Level
 Magic Dart               Conj           96%        1d7       1%          1
 Conjure Flame            Conj/Fire      42%        6-21      1%          3
 Freeze                   Ice            20%        1d4       4%          1
 Pain                     Necr           20%        1d5       4%          1
 Stone Arrow              Conj/Erth      30%        3d8       4%          3
 Frozen Ramparts          Ice            10%        1d3       14%         3
 Hailstorm                Conj/Ice       15%        3d5       16%         4
 Bolt of Magma            Conj/Fire/Erth 15%        4d9       26%         5
 Ice Form                 Ice/Tmut       5%         N/A       41%         4
 Petrify                  Tmut/Erth      5%         N/A       41%         4
 Metabolic Englaciation   Hex/Ice        5%         N/A       56%         5
 Agony                    Necr           5%         N/A       75%         5
 Excruciating Wounds      Necr           2%         N/A       75%         5
 Simulacrum               Ice/Necr       2%         N/A       99%         6
 Statue Form              Tmut/Erth      3%         N/A       99%         6
 Shatter                  Erth           2%         3d6*      100%        9


Dungeon Overview and Level Annotations

Branches:
Dungeon (7/15)             Temple (1/1) D:6         Ossuary (visited)

Altars:
Cheibriados
Dithmenos
Gozag
Kikubaaqudgha
Makhleb
Nemelex Xobeh
Qazlal
Sif Muna
Trog
Vehumet
The Shining One

Annotations:
D:7 Harold


Innate Abilities, Weirdness & Mutations

You can breathe blasts of scalding, opaque steam.
Your pale cyan-grey scales are hard. (AC +7)
You cannot fit into any form of body armour.
You are cold-blooded and may be slowed by cold attacks.
You are immune to the effects of steam.


Message History

You feel a surge of power!
You conjure some foxfire!
The lemure barely misses you.
Pikel says, "You'll make a fine lemure."
Pikel hits you with a +1 whip of freezing.
You feel yourself slow down. Pikel freezes you.
You closely miss Pikel.
Pikel is severely wounded.
The foxfire hits Pikel!
You kill Pikel!
Vehumet accepts your kill.
With Pikel's spell broken, his former minion thanks you for its freedom.
The lemure departs this earthly plane.
The foxfire hits the ice beast!
The ice beast melts!
The ice beast is moderately wounded.
The ice beast barely misses you.
Your Conjurations skill increases to level 5!
Your Evocations skill increases to level 3!
An orc comes into view. It is wielding a +0 hand axe.
You feel yourself speed up. The ice beast hits you. The ice beast freezes you.
You feel yourself slow down.
Harold the Weathered comes into view.
He is wielding a +4 halberd of protection.
You have got your breath back.
The ice beast hits you but does no damage.
The ice beast hits you. The ice beast freezes you!
You feel as though you will be slow longer.
The ice beast closely misses you.
Harold considers, "I think I'll use your bounty to get a nice plot of land..."
The orc barely misses you. The ice beast hits you. The ice beast freezes you!
Harold hits you from afar with a +4 halberd of protection!!
* * * LOW HITPOINT WARNING * * *
You feel yourself speed up. The orc hits you with a +0 hand axe.
* * * LOW HITPOINT WARNING * * *
Okay, then.
You feel better. The orc misses you. The ice beast hits you.
* * * LOW HITPOINT WARNING * * *
The ice beast freezes you.
You feel yourself slow down.
* * * LOW HITPOINT WARNING * * *
Harold hits you from afar with a +4 halberd of protection!
You die...

* *,,,,,,*,,,,,,,,,,**,*
************,,,,,,,,,,,,,,,,,**,*
,,,,,,,,,,,+......###,,,,,,,,+,,,
********####.....,#.#,,,....,**,,
,,,,,,,,,.......###.###.....,**,*
**********#.....#.....#..§..,+,,,
+,,,,,,,,,#.....###.###.....,**,,
*********,#....o..#.#§......,,,,,
,*****###.#...@Y@.#'#....#*******
,,,,,,.......)...........# *,,,
,*****###.#.##.#.###..##.# *,**
,* #,#.*#........#*,* *,* ,*
*,#.*##.####..#*,*****,* ,*
****,#.###...!...",,*,,,,,* ,*
*,,,,..#....###..##**,******
,*****,**,###.#..###..#*,,,,,,,,*
,,,,**,*,,,,#.#...#*,,**,*,****,*


You could see Harold, an ice beast and an orc.

Vanquished Creatures
  Pikel (D:7)
  Sigmund (D:5)
  Edmund (D:4)
  An ice beast (D:5)
  A hornet zombie (D:5)
  2 black bears (D:5)
  6 ogres
  A necrophage (D:4)
  A centaur (D:5)
  3 lemures (D:7)
  A phantom (D:5)
  4 wights (D:6)
  A howler monkey (D:5)
  2 hounds (D:5)
  A gnoll shaman (D:6)
  A bullfrog skeleton (D:5)
  A jelly (D:6)
  2 iguanas
  An orc wizard (D:3)
  3 hound skeletons
  3 mummies
  9 gnolls
  8 adders
  A white imp (D:6)
  An ufetubus (D:5)
  6 adder zombies (Ossuary)
  A worm (D:2)
  2 dart slugs
  5 orcs
  7 endoplasms
  3 giant cockroaches
  A goblin (D:1)
  7 hobgoblins
  7 jackals (D:1)
  A quokka (D:2)
  8 ball pythons
  4 bats
  8 frilled lizards
  2 gnoll zombies (Ossuary)
  4 hobgoblin zombies (Ossuary)
  6 kobolds
  5 kobold zombies (Ossuary)
  5 orc zombies (Ossuary)
  7 rats
146 creatures vanquished.

Vanquished Creatures (others)
  5 demonic plants (D:3)
  382 foxfires
  A fungus (D:3)
  A plant (D:3)
  3 withered plants (D:3)
392 creatures vanquished.

Grand Total: 538 creatures vanquished

Notes
Turn   | Place    | Note
-------+----------+-------------------------------------------
     0 | D:1      | Jawa73 the Draconian Fire Elementalist began the quest for
                  | the Orb.
     0 | D:1      | Reached XP level 1. HP: 14/14 MP: 3/3
   301 | D:1      | Reached XP level 2. HP: 15/20 MP: 0/5
  1024 | D:1      | Reached XP level 3. HP: 26/27 MP: 3/6
  1028 | D:1      | Learned a level 3 spell: Inner Flame
  1734 | D:2      | Reached skill level 1 in Fighting
  1955 | D:2      | Reached skill level 1 in Unarmed Combat
  2480 | D:2      | Noticed an ogre
  2536 | D:2      | Killed an ogre
  2537 | D:2      | Reached XP level 4. HP: 3/35 MP: 2/8
  2537 | D:2      | Reached XP level 5. HP: 4/40 MP: 2/9
  2544 | D:2      | Learned a level 4 spell: Sticky Flame
  3243 | D:3      | Found an ancient bone altar of Kikubaaqudgha.
  3340 | D:3      | Reached skill level 4 in Fire Magic
  3538 | D:3      | Found a faded altar of an unknown god.
  3688 | D:3      | Reached skill level 1 in Hexes
  4089 | D:3      | Reached XP level 6. HP: 14/48 MP: 1/10
  5338 | D:4      | You fall into a shaft and drop 2 floors!
  5348 | D:5      | Entered Level 5 of the Dungeon
  5458 | D:5      | Your scales start taking on a pale cyan-grey colour.
  5458 | D:5      | Reached skill level 5 in Fire Magic
  5458 | D:5      | Reached XP level 7. HP: 56/56 MP: 5/12
  5458 | D:5      | Gained mutation: You are immune to the effects of steam.
                  | [Pale Draconian growth]
  5467 | D:5      | Found a bloodstained altar of Trog.
  5610 | D:5      | Found a shadowy altar of Dithmenos.
  5666 | D:5      | Learned a level 5 spell: Fireball
  6155 | D:5      | Reached skill level 1 in Staves
  6155 | D:5      | Reached skill level 1 in Evocations
  6221 | D:5      | Reached XP level 8. HP: 13/63 MP: 9/14
  6807 | D:5      | Noticed Sigmund
  6813 | D:5      | Killed Sigmund
  7451 | D:4      | Noticed Edmund
  7465 | D:4      | Killed Edmund
  7466 | D:4      | Reached skill level 6 in Fire Magic
  7783 | D:4      | Found a shimmering blue altar of Sif Muna.
  7790 | D:4      | Reached skill level 5 in Spellcasting
  8407 | D:6      | Reached XP level 9. HP: 70/70 MP: 14/16
  8526 | D:6      | Found a staircase to the Ecumenical Temple.
  8539 | Temple   | Entered the Ecumenical Temple
  8606 | Temple   | Became a worshipper of Vehumet
  8729 | D:6      | Found a sparkling altar of Nemelex Xobeh.
  8923 | D:6      | Found a snail-covered altar of Cheibriados.
  9046 | D:7      | Found a sand-covered staircase.
  9051 | Ossuary  | Entered an ossuary
  9281 | Ossuary  | Reached * piety under Vehumet
  9281 | Ossuary  | Offered knowledge of Magic Dart by Vehumet.
  9457 | D:7      | Noticed Pikel
  9480 | D:7      | Killed Pikel
  9481 | D:7      | Reached skill level 5 in Conjurations
  9481 | D:7      | Noticed Harold
  9485 | D:7      | HP: 1/71 [orc (5)]
  9486 | D:7      | Mangled by Harold

Illustrated notes

Levels and vault maps discovered:
D:1:      minmay_arrival_semitransparent, layout_loops_corners
D:2:      layout_basic, grunt_ministairs_9
D:3:      layout_basic, kiku_gazebo_pond_becter, shapermc_ecumenical_altar_gd,
          grunt_ministairs_15, hangedman_abyss_or_decor_lesser_grid,
          mrwooster_statue_mirror
D:4:      layout_cave_pods, lemuel_round_altar, minivault_25, kennysheep_potato,
          uniq_edmund
D:5:      minmay_inner_zag, layout_loops_ring, nicolae_overflow_crystal_walls,
          trog_ov_bears_minmay, uniq_sigmund
D:6:      layout_cave_pools, nemelex_xobeh_ov_fountains_minmay, slow_altar_2,
          minmay_temple_entry_arrows
D:7:      layout_basic, nicolae_ossuary_entry_plus, gammafunk_ghost_necromancy,
          minmay_misc_feat_diagonals, uniq_pikel, uniq_maggie,
          uniq_crazy_yiuf_cottage, uniq_harold
Temple:   minmay_temple_curvy_loop

Skill      XL: |  1  2  3  4  5  6  7  8  9 |
---------------+----------------------------+-----
Dodging        | 2 3 4 |  4.3
Fighting       | 1 2 3 |  3.9
Unarmed Combat | 1 2 |  2.3
Conjurations   | 2 3 4 5 |  5.0
Fire Magic     | 4 5 6 |  6.8
Spellcasting   | 3 4 5 |  5.6
Hexes          | 1 2 |  2.7
Staves         | 1 2 |  2.8
Evocations     | 1 2 3 |  3.0
Stealth        | |  1.7

Action                   |  1- 3 |  4- 6 |  7- 9 || total
-------------------------+-------+-------+-------++-------
Melee: Unarmed           |    93 |    52 |    36 ||   181
       Tailslap          |     3 |     6 |    13 ||    22
       Staff             |       |       |    76 ||    76
 Cast: Foxfire           |    83 |    77 |    74 ||   234
       Inner Flame       |       |     4 |     3 ||     7
       Fireball          |       |       |     8 ||     8
       Sticky Flame      |       |       |    20 ||    20
 Abil: Breathe Steam     |       |       |     9 ||     9
  Use: Scroll            |     4 |     4 |     7 ||    15
       Potion            |       |       |     1 ||     1
 Stab: Sleeping          |       |     1 |       ||     1
Armor: Skin              |    42 |     7 |    36 ||    85
Dodge: Dodged            |   109 |    25 |   107 ||   241

Table legend: (Time is in decaauts)
 A = Elapsed time spent in this place.
 B = Non-inter-level travel time spent in this place.
 C = Inter-level travel time spent in this place.
 D = Time resting spent in this place.
 E = Time spent auto-exploring this place.
 F = Levels seen in this place.
 G = Mean time per level.
                   A        B        C        D        E       F      G
               +--------+--------+--------+--------+--------+-----+--------+
         Total |   9493 |   9112 |    381 |   1316 |   5894 |   9 | 1054.8 |
       Dungeon |   8984 |   8644 |    340 |   1091 |   5850 |   7 | 1283.4 |
        Temple |    108 |     67 |     41 |      0 |     44 |   1 |  108.0 |
       Ossuary |    400 |    400 |      0 |    225 |      0 |   1 |  400.0 |
               +--------+--------+--------+--------+--------+-----+--------+

Top non-repeatable levels by time:
     D:5: 2151 daAuts
     D:3: 1699 daAuts
     D:1: 1662 daAuts
     D:2: 1310 daAuts
     D:4: 1306 daAuts
     D:6: 774 daAuts
 Ossuary: 400 daAuts
  Temple: 108 daAuts
     D:7: 78 daAuts
